 Dungeon Crawl Stone Soup version 0.23.2-30-g0e89c35649 (webtiles) character file.

Game seed: 4111104188259747242

546 Masnef the Conjurer (level 7, -6/36 HPs)
             Began as a Deep Elf Wizard on June 24, 2019.
             Killed by divine providence
             ... invoked by an orc priest
              (17 damage)
             ... on level 4 of the Dungeon.
             The game lasted 00:12:57 (4419 turns).

Masnef the Conjurer (Deep Elf Wizard)               Turns: 4419, Time: 00:12:57

Health: -6/36      AC:  3    Str:  4    XL:     7   Next: 6%
Magic:  6/15       EV: 14    Int: 25    God:
Gold:   137        SH:  0    Dex: 13    Spells: 4/14 levels left

rFire    . . .     SeeInvis .   o - +1 short sword (flame)
rCold    + . .     Gourm    .   (no shield)
rNeg     . . .     Faith    .   a - +0 robe
rPois    .         Spirit   .   b - +0 hat
rElec    .         Reflect  .   p - +0 cloak
rCorr    .         Harm     .   (no gloves)
MR       .....                  (no boots)
Stlth    +++.......             (no amulet)
HPRegen  0.12/turn              e - ring of ice
MPRegen  0.14/turn              j - ring of protection from fire

@: no status effects
A: no striking features
a: no special abilities


You were on level 4 of the Dungeon.
You were not hungry.

You visited 1 branch of the dungeon, and saw 4 of its levels.

You collected 137 gold pieces.

Inventory:

Hand Weapons
 c - a +0 short sword
 o - a +1 short sword of flaming (weapon)
Armour
 a - a +0 robe (worn)
 b - a +0 hat (worn)
 p - a +0 cloak (worn)
 q - a +2 helmet
Jewellery
 e - a ring of ice (left hand)
 j - a ring of protection from fire (right hand)
Wands
 n - a wand of polymorph (3)
 s - a wand of flame (18)
Scrolls
 g - 2 scrolls of identify
Potions
 h - a potion of degeneration
 i - 3 potions of curing
Comestibles
 d - 4 rations


   Skills:
 - Level 3.0 Short Blades
 + Level 3.8 Dodging
 + Level 4.7 Stealth
 - Level 4.4 Spellcasting
 + Level 5.2 Conjurations
 - Level 1.1 Summonings
 - Level 1.1 Translocations
 * Level 1.9 Air Magic
 - Level 1.0 Poison Magic


You had 4 spell levels left.
You knew the following spells:

 Your Spells              Type           Power        Failure   Level  Hunger
a - Magic Dart            Conj           ####         1%          1    None
b - Blink                 Tloc           N/A          9%          2    None
c - Call Imp              Summ           ##......     9%          2    None
d - Mephitic Cloud        Conj/Pois/Air  ###.....     9%          3    ##.....
s - Slow                  Hex            #.......     13%         2    None

Your spell library contained the following spells:

 Spells                   Type           Power        Failure   Level  Hunger
 Conjure Flame            Conj/Fire      ###.....     9%          3    ##.....


Dungeon Overview and Level Annotations

Branches:
Dungeon (4/15)
 Temple: D:4-7

Altars:
Cheibriados
Okawaru


Message History

The orc is lightly wounded.
Your white imp hits the orc.
Your white imp freezes the orc.
The orc wizard hits your white imp but does no damage.
You hit the orc. You burn the orc.
You kill the orc!
Okay, then.
Evoke which item? (* to show all) (? for menu, Esc to quit)
Aiming: Polymorph
Press: ? - help, Shift-Dir - straight line, f - orc wizard
Aim: an orc wizard, wielding a +0 dagger and wearing a +0 robe (lightly wounded, chance to defeat MR: 46%)
The orc wizard evaporates and reforms as a centaur!
The centaur picks up a +0 dagger.
The centaur wields a +0 dagger.
Evoke which item? (* to show all) (? for menu, Esc to quit)
Aiming: Polymorph
Press: ? - help, Shift-Dir - straight line, f/p - centaur
Aim: a centaur, wielding a +0 dagger (chance to defeat MR: 46%)
The centaur resists with some effort.
The orc wizard misses your white imp.
The orc priest invokes the aid of Beogh against you.
Beogh smites you!
You die...

.........'.._..+.....#
#........#######........
#.......# ### #....#..#
##.......#######...#####
.................####
.....................
...............#...
......##..[c...#.###
.......<.$.##@.....#
.....##....#.5##...#
..... ##...##o.# ...
..... #...###o.## .
......#...#.....#
....o.)........#
.........o.....#
.............###
...........###


You could see a centaur, an orc priest, an orc wizard and a friendly white imp.

Vanquished Creatures
  An ogre (D:4)
  A bullfrog (D:2)
  A centaur skeleton (D:4)
  An orc wizard (D:4)
  Jessica (D:3)
  A hound skeleton (D:4)
  Robin (D:3)
  A gnoll (D:2)
  4 adders
  An ooze (D:3)
  An adder skeleton (D:4)
  3 worms
  A dart slug (D:2)
  A leopard gecko (D:2)
  13 orcs
  A giant cockroach (D:4)
  13 goblins
  6 hobgoblins
  3 jackals (D:1)
  7 bats
  10 frilled lizards
  10 kobolds
  4 rats
86 creatures vanquished.

Vanquished Creatures (collateral kills)
  A crimson imp (D:4)
  An orc priest (D:3)
  Crazy Yiuf (D:3)
  2 orc wizards
  Terence (D:3)
  An iguana (D:4)
  An ooze (D:4)
  3 orcs
11 creatures vanquished.

Grand Total: 97 creatures vanquished

Notes
Turn   | Place    | Note
-------+----------+-------------------------------------------
     0 | D:1      | Masnef the Deep Elf Wizard began the quest for the Orb.
     0 | D:1      | Reached XP level 1. HP: 10/10 MP: 7/7
   102 | D:1      | Reached skill level 2 in Conjurations
   309 | D:1      | Reached XP level 2. HP: 9/15 MP: 7/9
   313 | D:1      | Learned a level 2 spell: Blink
   316 | D:1      | Learned a level 2 spell: Call Imp
   445 | D:1      | Learned a level 2 spell: Slow
   638 | D:1      | Reached skill level 3 in Conjurations
   939 | D:2      | Reached XP level 3. HP: 19/19 MP: 4/10
   944 | D:2      | Learned a level 3 spell: Mephitic Cloud
  1085 | D:2      | Found an iron altar of Okawaru.
  1089 | D:2      | Reached skill level 1 in Short Blades
  1508 | D:2      | Noticed a bullfrog
  1520 | D:2      | Killed a bullfrog
  1520 | D:2      | Reached XP level 4. HP: 16/24 MP: 0/12
  2146 | D:3      | Reached XP level 5. HP: 17/28 MP: 3/13
  2471 | D:3      | Noticed Terence
  2492 | D:3      | Killed Terence
  2683 | D:3      | Noticed Robin
  2905 | D:3      | Found a runed translucent door.
  2906 | D:3      | Noticed Crazy Yiuf
  2961 | D:3      | Killed Crazy Yiuf
  2961 | D:3      | Reached skill level 4 in Conjurations
  3087 | D:3      | Killed Robin
  3266 | D:3      | Noticed Jessica
  3271 | D:3      | Killed Jessica
  3274 | D:3      | Reached XP level 6. HP: 32/32 MP: 2/14
  4074 | D:4      | Reached skill level 1 in Poison Magic
  4079 | D:4      | Reached skill level 1 in Air Magic
  4281 | D:4      | Reached skill level 5 in Conjurations
  4281 | D:4      | Reached XP level 7. HP: 18/36 MP: 6/15
  4288 | D:4      | Found a snail-covered altar of Cheibriados.
  4419 | D:4      | Killed from afar by an orc priest

Skill      XL: |  1  2  3  4  5  6 |
---------------+-------------------+-----
Conjurations   | 2 3 4 5 |  5.2
Short Blades   | 1 3 |  3.0
Dodging        | 3 |  3.8
Stealth        | 3 4 |  4.7
Poison Magic   | 1 |  1.0
Air Magic      | 1 |  1.9
Spellcasting   | |  4.4
Summonings     | |  1.1
Translocations | |  1.1

Action                   |  1- 3 |  4- 6 |  7- 9 || total
-------------------------+-------+-------+-------++-------
Melee: Short sword       |    12 |   107 |     4 ||   123
 Cast: Magic Dart        |    72 |    73 |     2 ||   147
       Blink             |     2 |    11 |     3 ||    16
       Mephitic Cloud    |     1 |    18 |     3 ||    22
       Call Imp          |       |     8 |     1 ||     9
Evoke: Wand              |       |       |     2 ||     2
  Use: Scroll            |       |     7 |       ||     7
 Stab: Confused          |     1 |    15 |       ||    16
       Distracted        |       |     1 |       ||     1
  Eat: Chunk             |     1 |     7 |       ||     8
       Ration            |       |     1 |       ||     1
Armor: Robe              |     3 |    15 |       ||    18
Dodge: Dodged            |    25 |    67 |     1 ||    93
